 Dungeon Crawl Stone Soup version 0.28-a0-43-g560ac104fe (webtiles) character file.

Game seed: 3688864455497932531

168 PentaManta the Ruffian (level 5, -3/53 HPs)
             Began as a Troll Abyssal Knight on July 28, 2021.
             Was a Believer of Lugonu.
             Killed from afar by Crazy Yiuf (9 damage)
             ... with a puff of flame
             ... on level 2 of the Dungeon.
             The game lasted 00:06:32 (1758 turns).

PentaManta the Ruffian (Troll Abyssal Knight)       Turns: 1758, Time: 00:06:33

Health: -3/53      AC:  4    Str: 20    XL:     5   Next: 24%
Magic:  3/6        EV:  9    Int:  9    God:    Lugonu [**....]
Gold:   46         SH:  0    Dex:  9    Spells: 4/4 levels left

rFire   . . .      SeeInvis .     - Unarmed
rCold   . . .      Faith    .   (no shield)
rNeg    . . .      Spirit   .   a - +0 robe
rPois   .          Reflect  .   (helmet restricted)
rElec   .          Harm     .   (no cloak)
rCorr   .          Rampage  .   (gloves unavailable)
Will    .....                   (boots unavailable)
Stlth   +.........              (no amulet)
HPRegen 1.17/turn               (no ring)
MPRegen 0.10/turn               (no ring)

@: no status effects
A: large, unfitting armour, claws 3, regeneration 1, shaggy fur 1, tough skin 1
a: Renounce Religion, Depart the Abyss, Bend Space


You were on level 2 of the Dungeon.
You worshipped Lugonu.
Lugonu was pleased with you.
You visited 1 branch of the dungeon, and saw 2 of its levels.
You visited the Abyss 1 time.

You collected 88 gold pieces.
You spent 42 gold pieces at shops.

Inventory:

Hand Weapons
 b - the +6 hunting sling of Bixiz {speed, Int+3}
   (You found it on level 2 of the Abyss)

   Attacks with this weapon are significantly faster.
   Int:       It affects your intelligence (+3).
 d - the +11 spear "Arudoppui" {vorpal, Dex+2}
   (You found it on level 2 of the Abyss)

   It inflicts extra damage upon your enemies.
   Dex:       It affects your dexterity (+2).
Missiles
 h - 3 javelins
Armour
 a - a +0 robe (worn)
Jewellery
 k - a ring of flight
Scrolls
 e - 2 scrolls of identify
 i - a scroll of magic mapping
Potions
 c - a potion of magic {unknown}
 f - a potion of invisibility
 g - 3 potions of curing
 j - a potion of lignification {unknown}


   Skills:
 - Level 3.2 Fighting
 - Level 1.9 Dodging
 + Level 4.2 Unarmed Combat
 - Level 2.7 Invocations


You had 4 spell levels left.
You didn't know any spells.
Your spell library contained the following spells:

 Spells                   Type           Power      Damage    Failure   Level
 Call Canine Familiar     Summ           0%         N/A       77%         3
 Portal Projectile        Hex/Tloc       0%         N/A       77%         3
 Leda's Liquefaction      Hex/Erth       0%         N/A       99%         4
 Fireball                 Conj/Fire      0%         3d3       100%        5
 Starburst                Conj/Fire      0%         8x6d3     100%        6
 Ignition                 Fire           0%         3d3       100%        8


Dungeon Overview and Level Annotations

Branches:
Dungeon (2/15)

Altars:

Shops:
D:2 *

Annotations:
D:2 Crazy Yiuf


Innate Abilities, Weirdness & Mutations

You are too large for most types of armour.
You have claws for hands.
Your natural rate of healing is unusually fast.
You are covered in fur. (AC +1)
You have tough skin. (AC +1)


Message History

No target in view!
You see here a worm corpse.
Found a stone staircase leading up.
There is an escape hatch in the ceiling here.
You see here a jackal corpse.
Key pressed, stopping explore.
Could not explore, unopened runed door.
No reachable target in view!
Okay, then.
You open the door.
You scratch Crazy Yiuf but do no damage.
Crazy Yiuf closely misses you.
You scratch Crazy Yiuf but do no damage.
Crazy Yiuf zaps a wand.
The puff of flame hits you!
You scratch Crazy Yiuf. You claw Crazy Yiuf, but do no damage.
Crazy Yiuf is moderately wounded.
Crazy Yiuf whimpers, "Nubble dark unthinkable!"
Crazy Yiuf zaps a wand.
The puff of flame hits you.
You barely miss Crazy Yiuf.
Crazy Yiuf is moderately wounded.
Crazy Yiuf barely misses you.
You barely miss Crazy Yiuf.
Crazy Yiuf is moderately wounded.
Crazy Yiuf hits you with a +4 quarterstaff of chaos.
You feel your power leaking away.
You closely miss Crazy Yiuf.
Crazy Yiuf is moderately wounded.
Crazy Yiuf hits you with a +4 quarterstaff of chaos!
You closely miss Crazy Yiuf.
Crazy Yiuf is moderately wounded.
Crazy Yiuf yells, "Adder head blue!"
Crazy Yiuf hits you with a +4 quarterstaff of chaos!
* * * LOW HITPOINT WARNING * * *
You resist with significant effort. Space bends around you!
You blink.
Space bends around you!
You blink.
Crazy Yiuf zaps a wand.
The puff of flame hits you!
* * * LOW HITPOINT WARNING * * *
Crazy Yiuf zaps a wand.
The puff of flame hits you!
You die...

## #.#..##.# ##### #..#.. .#
#.#.....# #..)# #####..#.. .#
#.##....# #...# #....).#.. .#
#.####### #...# #####.##.. .#
#.####### ##'## #......... .#
#.......# ♣♣g♣ ####.###..
.############# ♣.♣♣ #..#.#.#..
.............# ♣♣.♣ ##.#...#..
...........### ♣@♣♣ #..###.#..
...........# ♣♣.♣♣ #.........
...........# ♣...♣♣ #......##.
...........### ♣....♣ ##.....##.
.............# #....# ##.....##.
.............###....####......##.
##........#.........##.##.###.##.
........########...###.##.######.
........# #...###.#.........


You could see Crazy Yiuf.

Vanquished Creatures
  Natasha (thrice) (D:2)
  Terence (D:1)
  An adder (D:1)
  A worm (D:2)
  2 dart slugs (D:1)
  4 ball pythons
  5 endoplasms
  A giant cockroach (D:1)
  5 goblins
  16 jackals
  A quokka (D:1)
  3 bats
  4 kobolds (D:1)
  5 rats
52 creatures vanquished.

Notes
Turn   | Place    | Note
-------+----------+-------------------------------------------
     0 | Abyss:1  | PentaManta the Troll Abyssal Knight began the quest for the
                  | Orb.
     0 | Abyss:1  | Reached XP level 1. HP: 22/22 MP: 1/1
    11 | Abyss:2  | Found a corrupted altar of Lugonu.
    18 | Abyss:2  | Identified the +6 hunting sling of Bixiz {speed, Int+3}
    32 | Abyss:2  | Identified the +11 spear "Arudoppui" {vorpal, Dex+2}
    69 | Abyss:3  | Noticed a raiju
    71 | D:1      | Escaped the Abyss
   157 | D:1      | Reached * piety under Lugonu
   158 | D:1      | Reached XP level 2. HP: 29/29 MP: 2/2
   607 | D:1      | Reached XP level 3. HP: 35/36 MP: 3/3
   738 | D:2      | Noticed Terence
   923 | D:2      | Noticed Natasha
  1026 | D:1      | Killed Terence
  1027 | D:1      | Reached XP level 4. HP: 24/45 MP: 4/4
  1058 | D:2      | Killed Natasha
  1059 | D:2      | Reached skill level 3 in Unarmed Combat
  1111 | D:2      | Noticed Natasha
  1118 | D:2      | Killed Natasha
  1121 | D:2      | Reached ** piety under Lugonu
  1218 | D:2      | Noticed Natasha
  1223 | D:2      | Killed Natasha
  1224 | D:2      | Reached skill level 4 in Unarmed Combat
  1224 | D:2      | Reached XP level 5. HP: 53/53 MP: 6/6
  1325 | D:2      | Found Ejeo's General Store.
  1342 | D:2      | Bought a scroll of magic mapping for 42 gold pieces
  1368 | D:2      | Found a runed translucent door.
  1369 | D:2      | Noticed Crazy Yiuf
  1754 | D:2      | HP: 2/53 [Crazy Yiuf/puff of flame (9)]
  1758 | D:2      | Killed from afar by Crazy Yiuf

Illustrated notes

Levels and vault maps discovered:
D:1:      dpeg_arrival_tiny_a, layout_basic
D:2:      layout_basic, serial_shops, shop_fountains, uniq_terence,
          uniq_natasha, uniq_crazy_yiuf_cottage

Skill      XL: |  1  2  3  4 |
---------------+-------------+-----
Invocations    | 2 |  2.7
Fighting       | 3 |  3.2
Unarmed Combat | 4 |  4.2
Dodging        | |  1.9

Action                   |  1- 3 |  4- 6 || total
-------------------------+-------+-------++-------
Melee: Unarmed           |   138 |    53 ||   191
       Punch             |     1 |     1 ||     2
Invok: Depart the Abyss  |     1 |       ||     1
       Bend Space        |       |     2 ||     2
  Use: Scroll            |     3 |       ||     3
Armor: Robe              |    48 |    14 ||    62
Dodge: Dodged            |    55 |    25 ||    80

Table legend: (Time is in decaauts)
 A = Elapsed time spent in this place.
 B = Non-inter-level travel time spent in this place.
 C = Inter-level travel time spent in this place.
 D = Time resting spent in this place.
 E = Time spent auto-exploring this place.
 F = Levels seen in this place.
 G = Mean time per level.
                   A        B        C        D        E       F      G
               +--------+--------+--------+--------+--------+-----+--------+
         Total |   1750 |   1629 |    121 |     52 |   1017 |   5 |  350.0 |
       Dungeon |   1680 |   1559 |    121 |     52 |   1012 |   2 |  840.0 |
         Abyss |     70 |     70 |      0 |      0 |      5 |   3 |   23.3 |
               +--------+--------+--------+--------+--------+-----+--------+

Top non-repeatable levels by time:
     D:2: 867 daAuts
     D:1: 813 daAuts
 Abyss:2: 50 daAuts
 Abyss:3: 10 daAuts
 Abyss:1: 9 daAuts
